Map: Heavy Artillery LE

Players

Massa

  • Race: Terran Terran
  • Spawn Location: 7:00

qqq

  • Race: Zerg Zerg
  • Spawn Location: 7:00

saltyhusky - Winner!

  • Race: Zerg Zerg
  • Spawn Location: 1:00

badass - Winner!

  • Race: Zerg Zerg
  • Spawn Location: 3:00

VOD

Have the link to the VOD?

Description

Time

  • Played on: June 19, 2020, 5:25 p.m.
  • Length: 14:54
Show
View Real Time Build Order
Export as new Build Order

Massa Terran 

Build Orders:  

Get SALT Encoding   

  12  0:07  SCV  
  13  0:19  SCV  
  13  0:20  Supply Depot  
  14  0:31  SCV  
  15  0:44  SCV, Barracks  
  16  0:56  SCV  
  17  1:08  SCV  
  18  1:20  SCV  
  19  1:28  Refinery  
  20  1:32  SCV  
  20  1:35  Marine  
  21  1:41  Command Center  
  21  1:47  Supply Depot  
  21  1:57  Marine  
  21  1:58  Bunker  
  22  2:02  SCV  
  23  2:15  SCV, Marine  
  24  2:18  Supply Depot  
  25  2:33  Marine  
  25  2:36  Barracks  
  26  2:51  Factory  
  26  2:56  Marine  
  27  3:01  Orbital Command  
  27  3:03  SCV  
  28  3:14  Marine  
  28  3:15  SCV  
  30  3:25  Marine  
  31  3:27  SCV  
  31  3:29  Barracks  
  32  3:35  Supply Depot  
  32  3:39  Factory Tech Lab  
  33  3:43  Marine, Supply Depot  
  33  3:44  Orbital Command  
  33  3:45  SCV  
  34  3:57  SCV  
  34  4:00  Siege Tank  
  34  4:01  Barracks Tech Lab  
  38  4:03  Marine  
  38  4:09  SCV  
  40  4:11  SCV  
  41  4:21  SCV, Marine, Barracks Tech Lab  
  41  4:23  SCV, Concussive Shells  
  44  4:28  Engineering Bay  
  44  4:32  Engineering Bay  
  44  4:53  SCV x2  
  46  5:00  Stimpack  
  46  5:05  SCV x2  
  48  5:11  Refinery  
  48  5:15  Command Center  
  48  5:16  Marauder x2, Marine  
  48  5:17  SCV x2  
  48  5:18  Barracks  
  55  5:22  Missile Turret  
  55  5:27  Missile Turret  
  55  5:34  Marine, Missile Turret  
  56  5:37  Marauder, Marine, Missile Turret  
  59  5:49  Terran Infantry Weapons Level 1  
  59  5:54  Refinery  
  59  5:55  Marine  
  59  5:56  Refinery  
  61  5:58  Marine  
  61  6:08  Barracks Reactor  
  61  6:12  Marine  
  61  6:16  Marauder  
  64  6:21  SCV x2  
  64  6:25  Barracks Reactor  
  66  6:29  Siege Tank  
  66  6:30  Marine  
  70  6:33  SCV  
  70  6:37  Marine  
  72  6:48  Marine  
  73  6:58  Marauder  
  73  7:00  Marine x2  
  73  7:01  Marine x2  
  79  7:06  Marauder  
  81  7:11  Planetary Fortress  
  81  7:17  Marine  
  81  7:18  Marine x2  
  81  7:19  Marine  
  85  7:25  Missile Turret  
  85  7:31  Supply Depot  
  85  7:32  Supply Depot x2  
  85  7:33  Supply Depot x2  
  85  7:50  Missile Turret  
  85  7:53  Marauder x2, Marine x4, Siege Tank  
  85  7:54  Supply Depot  
  96  7:59  Supply Depot  
  96  8:00  Supply Depot  
  96  8:10  Marine x2  
  96  8:11  Marine x2  
  100  8:15  Marauder x2  
  104  8:28  Combat Shield  
  104  8:36  Marauder x2  
  104  8:38  Terran Infantry Armor Level 1  
  108  8:46  Armory  
  108  8:57  Marauder  
  110  9:19  Marauder  
  106  9:34  Armory  
  106  9:42  Missile Turret  
  106  9:45  Terran Vehicle And Ship Armor Level 1, Missile Turret  
  106  9:46  Terran Infantry Weapons Level 2  
  106  9:48  Missile Turret  
  106  9:50  SCV x2  
  108  9:53  SCV  
  109  10:00  Missile Turret x2  
  109  10:01  Missile Turret  
  109  10:02  SCV x2, Missile Turret x2  
  109  10:05  SCV, Missile Turret  
  112  10:14  SCV x2  
  112  10:17  SCV  
  113  10:26  SCV, Missile Turret  
  113  10:27  SCV  
  115  10:30  SCV  
  115  10:32  Neosteel Armor  
  116  10:38  SCV, Missile Turret  
  116  10:39  SCV  
  116  10:42  SCV  
  117  10:46  Marauder x2, Marine  
  117  10:47  Marine x3  
  125  11:00  SCV x3, Missile Turret  
  128  11:04  Marine  
  128  11:05  Marine x3  
  128  11:07  Marauder x2  
  136  11:12  SCV x2  
  136  11:13  SCV  
  136  11:17  Command Center  
  139  11:21  Missile Turret  
  139  11:22  Marine x2  
  139  11:23  Marine x2  
  139  11:24  SCV  
  139  11:25  SCV  
  145  11:28  Marauder x2  
  149  11:40  Refinery, Missile Turret  
  149  11:55  Missile Turret  
  149  11:56  Missile Turret  
  149  11:57  Missile Turret x2  
  149  11:58  Supply Depot  
  149  12:00  Supply Depot  
  149  12:02  Terran Infantry Armor Level 2, Supply Depot  
  149  12:03  Marine x4  
  149  12:04  Marauder x2, Supply Depot  
  149  12:08  Supply Depot x2  
  157  12:17  Missile Turret  
  157  12:19  Thor, Missile Turret  
  157  12:20  Missile Turret  
  157  12:21  Marine x4  
  157  12:22  Missile Turret, Supply Depot  
  167  12:24  Supply Depot  
  167  12:25  Marauder x2  
  167  12:28  Supply Depot  
  171  12:39  Marine x3  
  174  12:44  Supply Depot  
  174  12:47  Marauder x2  
  178  13:07  SCV x3  
  178  13:08  Marauder x2  
  178  13:10  Command Center  
  178  13:11  SCV  
  186  13:19  SCV x3  
  186  13:23  SCV  
  187  13:31  SCV x3  
  190  13:34  Missile Turret  
  190  13:35  Missile Turret x2  
  190  13:36  SCV, Missile Turret  
  190  13:37  Missile Turret  
  190  13:38  Missile Turret  
  183  13:43  SCV x2  
  183  13:48  SCV  
  185  13:55  SCV, Missile Turret  
  178  13:56  SCV  
  178  14:00  SCV  
  175  14:10  Marauder x2, Marine  
  175  14:11  Marine x2  
  114  14:23  Missile Turret  
  104  14:31  Marauder  
  104  14:32  Marauder  
  93  14:44  Missile Turret  
  79  14:52  Command Center  
Show
View Real Time Build Order
Export as new Build Order

qqq Zerg 

Build Orders: Pool First 

Get SALT Encoding   

  12  0:06  Drone  
  13  0:12  Drone  
  14  0:27  Spawning Pool  
  14  0:41  Hatchery  
  13  0:58  Spawning Pool  
  13  1:00  Drone  
  13  1:02  Drone  
  14  1:30  Extractor  
  13  1:43  Hatchery  
  13  1:44  Overlord  
  13  1:45  Drone  
  13  1:46  Drone  
  14  2:02  Queen  
  16  2:13  Drone x2  
  18  2:16  Drone  
  18  2:20  Drone  
  20  2:24  Drone  
  21  2:46  Queen  
  21  2:49  Lair  
  21  2:51  Drone  
  24  2:54  Drone  
  24  2:56  Drone  
  26  3:00  Drone  
  27  3:05  Zergling x2  
  27  3:10  Overlord  
  28  3:13  Drone  
  28  3:16  Drone  
  28  3:18  Drone  
  31  3:21  Zergling x2  
  31  3:24  Drone  
  31  3:25  Drone  
  34  3:28  Drone  
  35  3:43  Spore Crawler  
  35  3:45  Drone  
  35  3:46  Zergling x4  
  37  3:53  Queen  
  39  3:55  Drone  
  39  3:56  Drone x2  
  39  4:01  Infestation Pit  
  41  4:13  Drone  
  41  4:15  Extractor  
  41  4:16  Overlord  
  41  4:19  Overlord x3  
  41  4:27  Spire  
  40  4:47  Drone  
  40  4:48  Drone x2, Zergling x8  
  40  4:50  Zergling x2  
  40  4:51  Zergling x2  
  49  4:58  Drone  
  49  4:59  Drone  
  51  5:11  Spore Crawler  
  50  5:14  Hive  
  50  5:16  Drone x2  
  50  5:18  Extractor  
  50  5:20  Zergling x2  
  50  5:21  Zergling x2  
  53  5:23  Drone x3  
  53  5:24  Drone  
  57  5:33  Spore Crawler  
  56  5:44  Drone  
  56  5:45  Drone x3  
  56  5:47  Drone x3  
  63  5:51  Corruptor  
  65  5:57  Drone x3  
  68  6:09  Corruptor x2  
  72  6:14  Extractor, Drone x3  
  72  6:16  Overlord x5  
  74  6:28  Greater Spire  
  74  6:37  Corruptor  
  76  6:48  Pneumatized Carapace  
  76  6:52  Drone x2  
  76  6:53  Drone x4, Extractor  
  81  7:01  Drone x6, Extractor  
  84  7:04  Corruptor  
  84  7:07  Corruptor  
  90  7:09  Zergling x6  
  90  7:10  Zergling x2  
  94  7:29  Hatchery  
  93  7:31  Drone x5  
  98  7:44  Drone  
  99  7:45  Corruptor  
  99  7:48  Brood Lord x2  
  105  7:55  Hatchery  
  103  7:59  Brood Lord  
  104  8:06  Hatchery  
  99  8:13  Corruptor x2  
  91  8:27  Spore Crawler  
  86  8:29  Spore Crawler x3  
  86  8:33  Corruptor x2  
  87  8:38  Spore Crawler  
  87  8:39  Spore Crawler  
  87  8:41  Drone x4  
  86  8:58  Spire  
  86  9:02  Zergling x6  
  88  9:03  Zergling x4  
  90  9:10  Drone x7  
  90  9:13  Spore Crawler  
  90  9:15  Spore Crawler  
  90  9:16  Spore Crawler  
  76  9:22  Zergling x2  
  76  9:23  Drone x2, Zergling x4  
  76  9:24  Drone x2  
  83  9:27  Metabolic Boost  
  75  9:33  Drone  
  75  9:34  Queen  
  68  9:46  Drone  
  68  9:47  Drone  
  68  9:48  Drone x2  
  68  9:51  Spore Crawler  
  67  9:54  Drone  
  67  9:56  Spore Crawler  
  67  9:57  Drone  
  68  10:02  Spore Crawler  
  67  10:07  Drone x2  
  67  10:08  Drone x3  
  67  10:11  Spore Crawler  
  67  10:13  Spore Crawler  
  70  10:18  Drone x2  
  70  10:19  Hydralisk Den  
  71  10:29  Drone x2  
  73  10:38  Queen  
  73  10:39  Drone  
  73  10:41  Drone x3  
  79  10:45  Hatchery  
  79  10:46  Extractor, Adrenal Glands  
  79  10:47  Hatchery  
  76  10:55  Drone x4  
  76  10:56  Drone x2  
  82  11:09  Spine Crawler  
  81  11:11  Spore Crawler  
  81  11:14  Spore Crawler  
  81  11:15  Spore Crawler  
  81  11:18  Drone x2, Spore Crawler  
  79  11:22  Hatchery  
  79  11:23  Hatchery  
  73  11:34  Drone x4  
  76  11:40  Drone  
  76  11:43  Spore Crawler  
  75  11:49  Zergling x6  
  75  11:50  Zergling x16  
  75  11:52  Drone x2  
  81  11:57  Grooved Spines  
  81  11:59  Baneling Nest  
  80  12:17  Drone x2  
  80  12:21  Zergling x2  
  80  12:22  Zergling x4  
  85  12:36  Hydralisk x2  
  85  12:37  Hydralisk x5  
  85  12:38  Hatchery, Spore Crawler  
  85  12:40  Spore Crawler  
  96  12:44  Hatchery  
  96  12:46  Spore Crawler  
  96  12:47  Spine Crawler, Spore Crawler  
  96  12:48  Spine Crawler  
  84  13:04  Centrifical Hooks  
  80  13:08  Drone x5, Muscular Augments  
  83  13:20  Hydralisk x4  
  83  13:21  Hydralisk x4  
  86  13:30  Ultralisk Cavern  
  83  13:46  Evolution Chamber  
  65  13:49  Evolution Chamber  
  65  13:50  Hydralisk x2  
  65  13:51  Hydralisk x2  
  62  14:07  Hatchery  
  55  14:10  Drone x3  
  55  14:11  Drone  
  50  14:37  Drone x4  
  50  14:38  Drone  
  54  14:39  Drone x4  
  54  14:45  Spore Crawler x2  
Show
View Real Time Build Order
Export as new Build Order

saltyhusky Zerg - Winner!

Build Orders: Hatch First, Lurkers 

Get SALT Encoding   

  12  0:03  Drone  
  13  0:08  Drone  
  14  0:14  Extractor  
  14  0:20  Extractor, Drone  
  14  0:25  Overlord  
  15  0:48  Drone x2  
  15  0:49  Drone  
  18  1:02  Drone  
  18  1:03  Hatchery  
  18  1:11  Drone, Extractor  
  18  1:21  Drone  
  19  1:33  Drone  
  20  1:44  Spawning Pool, Overlord  
  19  2:19  Drone  
  20  2:25  Drone  
  21  2:30  Zergling x2  
  21  2:31  Queen, Zergling x2  
  21  2:32  Queen  
  21  2:34  Metabolic Boost  
  27  2:38  Drone, Baneling Nest  
  27  2:52  Drone x3  
  30  3:11  Lair  
  30  3:14  Drone x3  
  30  3:15  Extractor  
  30  3:18  Drone  
  33  3:30  Drone x2  
  33  3:33  Baneling x2  
  35  3:39  Drone  
  35  3:41  Overlord  
  36  4:12  Drone x3  
  39  4:20  Hydralisk Den  
  39  4:21  Pneumatized Carapace  
  39  4:23  Overseer  
  38  4:24  Hatchery  
  38  4:25  Drone  
  38  4:26  Drone x2  
  40  4:33  Drone  
  41  4:47  Drone x3  
  41  4:50  Muscular Augments  
  44  4:57  Extractor  
  44  4:58  Overlord x2  
  43  5:06  Drone  
  44  5:15  Queen  
  44  5:16  Drone x2  
  48  5:25  Drone  
  49  5:43  Drone  
  49  5:44  Drone x2  
  49  5:46  Extractor  
  51  5:52  Evolution Chamber  
  51  5:53  Drone  
  51  5:54  Drone x5  
  56  6:01  Grooved Spines  
  56  6:02  Spire  
  55  6:04  Hydralisk x4  
  63  6:11  Drone  
  65  6:18  Drone x2  
  65  6:20  Overlord  
  66  6:38  Hydralisk x4  
  74  6:44  Overlord x4  
  74  7:02  Drone x2  
  74  7:03  Drone  
  77  7:18  Corruptor x6  
  89  7:24  Corruptor  
  91  7:30  Extractor  
  91  7:31  Drone x2, Extractor  
  91  7:59  Corruptor  
  91  8:00  Corruptor x2  
  91  8:02  Corruptor  
  99  8:32  Overlord x3  
  99  8:33  Overlord  
  99  9:19  Corruptor  
  99  9:20  Corruptor x7  
  115  9:36  Corruptor  
  115  9:37  Corruptor  
  118  9:44  Infestation Pit  
  117  9:59  Lurker Den  
  116  10:26  Drone x3  
  119  10:30  Overlord  
  119  10:31  Overlord x6  
  119  10:41  Infestation Pit  
  118  10:44  Hive  
  119  10:59  Lurker x5  
  119  11:00  Lurker  
  125  11:08  Hatchery  
  124  11:24  Hydralisk  
  124  11:25  Hydralisk x7  
  140  11:56  Zerg Missile Weapons Level 1  
  140  12:00  Adaptive Talons  
  140  12:30  Hydralisk  
  140  12:31  Hydralisk x16  
  154  13:24  Lurker x2  
  154  13:25  Lurker x6  
  162  13:31  Seismic Spines  
  162  14:00  Drone x3  
  165  14:09  Infestor x4  
Show
View Real Time Build Order
Export as new Build Order

badass Zerg - Winner!

Build Orders: Hatch First 

Get SALT Encoding   

  12  0:07  Drone  
  12  0:08  Drone  
  14  0:20  Overlord  
  14  0:29  Extractor, Drone  
  15  0:49  Hatchery, Drone  
  15  0:58  Drone x2  
  17  1:08  Drone  
  18  1:16  Spawning Pool  
  17  1:19  Drone  
  17  1:25  Drone  
  19  1:27  Extractor  
  18  1:34  Drone  
  19  1:56  Hatchery  
  18  2:10  Queen  
  18  2:14  Drone  
  18  2:15  Drone x4  
  25  2:22  Overlord  
  25  2:29  Metabolic Boost  
  25  2:39  Drone x3  
  28  3:01  Drone  
  28  3:02  Drone x3  
  32  3:13  Queen  
  32  3:15  Drone x3  
  37  3:22  Drone  
  37  3:23  Drone x4  
  42  3:27  Extractor x2, Baneling Nest  
  42  3:28  Drone x2  
  41  3:34  Pneumatized Carapace  
  41  3:42  Drone  
  42  3:52  Overlord  
  42  3:53  Overlord  
  42  4:11  Drone  
  43  4:31  Lair  
  43  4:48  Overlord  
  43  4:52  Extractor  
  42  4:54  Extractor  
  42  4:56  Drone  
  42  4:57  Drone x13  
  55  5:01  Spore Crawler  
  55  5:04  Spore Crawler  
  53  5:07  Extractor, Drone x2  
  54  5:23  Drone x3  
  54  5:24  Drone  
  54  5:25  Drone x2  
  60  5:29  Queen  
  60  5:32  Spire  
  60  5:34  Hatchery  
  60  5:35  Drone x2  
  61  5:36  Drone x4  
  66  5:46  Overseer  
  66  6:10  Overlord  
  66  6:11  Overlord x9  
  66  6:17  Burrow  
  66  6:31  Hatchery  
  65  6:51  Mutalisk x13  
  91  6:55  Drone x3  
  91  6:56  Drone  
  95  7:04  Drone x3  
  95  7:07  Drone  
  95  7:08  Drone  
  100  7:13  Mutalisk x2  
  100  7:14  Mutalisk  
  106  7:25  Zerg Flyer Weapons Level 1  
  106  7:29  Drone x8  
  114  7:32  Extractor  
  114  7:34  Mutalisk x2  
  117  7:42  Drone x2  
  117  7:43  Drone x4  
  123  7:45  Extractor  
  120  8:16  Mutalisk  
  116  8:27  Mutalisk  
  116  8:28  Mutalisk x5  
  126  8:45  Mutalisk x2  
  130  8:53  Evolution Chamber x2  
  120  9:40  Zerg Ground Armor Level 1  
  120  9:42  Zerg Melee Weapons Level 1  
  120  9:56  Drone  
  120  9:57  Drone x16  
  120  9:58  Drone x4, Overlord  
  120  9:59  Overlord x3  
  141  10:50  Overlord x2  
  141  10:51  Overlord x2  
  141  10:52  Zergling x2  
  141  10:53  Zergling x28  
  156  10:57  Zerg Flyer Weapons Level 2  
  156  11:16  Hatchery  
  136  11:42  Mutalisk x7  
  136  11:43  Mutalisk x7  
  159  12:02  Extractor  
  159  12:03  Mutalisk  
  159  12:04  Extractor, Mutalisk x16  
  190  12:10  Hatchery  
  190  12:11  Spine Crawler  
  190  12:12  Spine Crawler x3  
  183  12:23  Mutalisk x3, Spine Crawler  
  183  12:24  Mutalisk x2  
  189  12:44  Zergling x18  
  188  12:45  Zergling x8  
  186  13:53  Zergling x16  
  186  13:54  Zergling x12  
  194  14:19  Baneling x6  
  194  14:20  Baneling x29  
  194  14:21  Baneling, Zergling x2  
  194  14:22  Zergling x18  
Tags
 
Add a new tag
Caveats
  • Supply blocks, unpowered buildings, or Contaminate may cause inaccurate times.
  • Supply counts are checked every 10 seconds.